FLORIDA vs DETROIT

Created - Thursday, May 17, 2018 at 14:42

Goals
1 2 3 OT1 T
FLORIDA 1 1 2 1 5
DETROIT 2 1 1 0 4
Shots
1 2 3 OT1 T
FLORIDA 11 7 10 5 33
DETROIT 12 10 10 4 36

1st period

1. FLORIDA , Derek Stepan 2 (Adam Henrique 2, Marian Hossa 2) at 6:29 (PP)
2. DETROIT , Steven Stamkos 3 (Taylor Hall 3, Aaron Ekblad 1) at 10:33 (PP)
3. DETROIT , Steven Stamkos 4 (Taylor Hall 4, Alex Pietrangelo 3) at 19:48

Penalties :
Alec Martinez (FLA) for Tripping (Minor) at 2:02, Steven Stamkos (DET) for Charging (Minor) at 5:27, Blake Wheeler (FLA) for Slashing (Minor) at 9:48, Aaron Ekblad (DET) for Delaying the game (Minor) at 14:41

2nd period

4. DETROIT , Steven Stamkos 5 (Alex Pietrangelo 4, Taylor Hall 5) at 15:05
5. FLORIDA , Ondrej Palat 2 (Kris Letang 3, Derek Stepan 4) at 18:37

Penalties :
Kris Letang (FLA) for Holding (Minor) at 9:51

3rd period

6. FLORIDA , Johnathan Gaudreau 1 (Adam Henrique 3, Johnny Oduya 2) at 5:33
7. DETROIT , Yanni Gourde 1 (Ryan Murray 2, Luke Glendening 1) at 17:26
8. FLORIDA , Adam Henrique 3 (Derek Stepan 5, Duncan Keith 3) at 19:40 (PP)

Penalties :
Martin Marincin (FLA) for Tripping (Minor) at 2:43, Adam Henrique (FLA) for Elbowing (Minor) at 8:19, Cody Goloubef (DET) for Hooking (Minor) at 17:49

Overtime #1

9. FLORIDA , Kris Letang 1 (Derek Stepan 6, Craig Anderson) at 15:08 (PP)

Penalties :
Josh Gorges (DET) for Roughing (Minor) at 1:23, Aaron Ekblad (DET) for Boarding (Minor) at 6:03, Linden Vey (FLA) for Holding (Minor) at 8:11, Dustin Brown (DET) for Hooking (Minor) at 14:58

Goalie Stats

Craig Anderson (FLA), 32 saves from 36 shots - (0.889), W, 3-1-0, 75:09 minutes
John Gibson (DET), 28 saves from 33 shots - (0.848), OTL, 1-1-2, 75:09 minutes

Players Stats for FLORIDA

Player Name              G  A  P  +/- PIM S  H  SB GA TA FO     MP     PP MP  PK MP  
------------------------------------------------------------------------------------
Adam Henrique            1  2  3  -1  2   1  4  0  0  0  18/36  25:27   4:43   4:01 
Alec Martinez            0  0  0  -2  2   0  3  3  0  0  0/0    25:04   0:00   3:51 
Blake Wheeler            0  0  0   0  2   3  4  0  0  0  0/0    28:17   4:29   4:39 
Brett Pesce              0  0  0  -2  0   1  0  0  0  0  0/0    25:55   0:00   4:41 
Daniel Winnik            0  0  0   0  0   3  1  0  0  0  0/0     5:24   0:00   0:43 
Derek Stepan             1  3  4   0  0   4  0  0  0  0  0/0    24:56   4:43   5:19 
Derick Brassard          0  0  0   0  0   1  0  0  0  0  9/16   16:13   0:00   1:19 
Duncan Keith             0  1  1   0  0   1  1  3  0  0  0/0    32:47   4:29   5:59 
Johnathan Gaudreau       1  0  1  -1  0   5  0  0  0  0  1/3    21:01   4:17   0:00 
Johnny Oduya             0  1  1   1  0   0  2  0  0  0  0/0    13:52   0:00   1:56 
Kris Letang              1  1  2   0  2   2  4  1  0  0  0/0    31:42   4:31   4:53 
Kris Versteeg            0  0  0   0  0   1  1  1  0  0  0/0     4:41   0:00   0:00 
Linden Vey               0  0  0   0  2   1  0  0  0  0  5/7     4:40   0:00   0:00 
Marian Hossa             0  1  1  -1  0   1  1  0  0  0  0/2    21:15   4:31   0:00 
Martin Marincin          0  0  0   1  2   2  4  0  0  0  0/0    11:55   0:00   0:00 
Nicklas Backstrom        0  0  0   0  0   1  0  0  0  0  28/40  28:46   4:17   5:19 
Ondrej Palat             1  0  1   0  0   4  0  0  0  0  0/2    19:37   4:43   0:00 
Patrik Laine             0  0  0   0  0   2  0  0  0  0  0/0    23:27   4:17   0:00 

Players Stats for DETROIT

Player Name              G  A  P  +/- PIM S  H  SB GA TA FO     MP     PP MP  PK MP  
------------------------------------------------------------------------------------
Aaron Ekblad             0  1  1   0  4   2  5  3  0  0  0/0    27:27   5:13   2:28 
Alex Galchenyuk          0  0  0  -2  0   2  1  1  0  0  10/33  24:00   6:06   0:00 
Alex Pietrangelo         0  2  2   0  0   3  6  0  0  0  0/0    30:09   5:13   5:08 
Cody Goloubef            0  0  0   0  2   0  1  0  0  0  0/0     6:21   0:00   1:21 
Dustin Brown             0  0  0  -2  2   2  5  1  0  0  0/0    24:24   6:06   0:25 
Jay McClement            0  0  0   0  0   0  0  0  0  0  0/0     0:42   0:00   0:42 
Josh Gorges              0  0  0   0  2   2  3  0  0  0  0/0    25:16   5:27   2:33 
Kyle Brodziak            0  0  0   0  0   0  0  0  0  0  3/5     3:23   0:00   1:38 
Kyle Palmieri            0  0  0  -2  0   5  2  1  0  0  1/3    26:30   6:06   2:30 
Luke Glendening          0  1  1   1  0   4  0  0  0  0  8/20   17:01   0:00   0:00 
Nick Schultz             0  0  0   1  0   1  3  1  0  0  0/0    16:18   0:00   2:55 
Oscar Klefbom            0  0  0   0  0   0  0  2  0  0  0/0    26:19   5:27   3:35 
Ryan Murray              0  1  1   1  0   0  2  3  0  0  0/0    13:23   0:00   0:00 
Ryan Pulock              0  0  0   0  0   0  0  0  0  0  0/0     5:01   0:00   0:00 
Ryan Reaves              0  0  0   1  0   0  5  0  0  0  2/3    17:01   0:00   0:00 
Steve Bernier            0  0  0   0  0   0  2  0  0  0  1/1     1:45   0:00   0:00 
Steven Stamkos           3  0  3   2  2   9  2  0  0  0  18/36  29:48   4:34   4:41 
T.J. Oshie               0  0  0   2  0   3  2  0  0  0  0/0    28:57   4:34   5:34 
Taylor Hall              0  3  3   2  0   2  0  0  0  0  2/3    25:53   4:34   2:30 
Yanni Gourde             1  0  1   1  0   1  1  0  0  0  0/2    17:01   0:00   0:00 

3 Stars

1 - Steven Stamkos (DET)
2 - Derek Stepan (FLA)
3 - Adam Henrique (FLA)

Power Play

FLORIDA - 3 on 6 Attempt(s) - 50.00%
DETROIT - 1 on 6 Attempt(s) - 16.67%

Penalty Kill

FLORIDA - 5 on 6 Attempt(s) - 83.33% - Score 0 goal in Penalty Kill
DETROIT - 3 on 6 Attempt(s) - 50.00% - Score 0 goal in Penalty Kill

Team Stat

FLORIDA - Hits : 25 - Faceoff Wins : 61 - Blocked Shots : 8 - Penalty Minutes : 12
DETROIT - Hits : 40 - Faceoff Wins : 45 - Blocked Shots : 12 - Penalty Minutes : 12

Official

Referees : Unknown
Linesman : Unknown

Game Notes

Steven Stamkos has scored a Hat Trick!

Finance

Level 1 -- Attendance: 4344 (72.40%) -- Ticket Income $477,840
Level 2 -- Attendance: 4362 (87.24%) -- Ticket Income $261,720
Level 3 -- Attendance: 1704 (85.20%) -- Ticket Income $68,160
Level 4 -- Attendance: 3079 (76.98%) -- Ticket Income $76,975
Luxury Box -- Attendance: 998 (99.80%) -- Ticket Income $179,640
Game was played at the Little Caesars Arena.
Total Attendance: 14487 (80.48%)
Total Ticket Income: $1,064,335
Total Income: $1,064,335

FLORIDA

5 vs 5 Forward 
   Center                   Left Wing                Right Wing               Time % Phy DF OF 
 1 Nicklas Backstrom        Patrik Laine             Blake Wheeler            35     0   2  3  
 2 Adam Henrique            Johnathan Gaudreau       Marian Hossa             32     0   2  3  
 3 Derick Brassard          Ondrej Palat             Derek Stepan             28     0   2  3  
 4 Linden Vey               Daniel Winnik            Kris Versteeg            5      0   3  2  

5 vs 5 Defense 
   Defense                  Defense                                           Time % Phy DF OF 
 1 Duncan Keith             Kris Letang                                       47     0   2  3  
 2 Alec Martinez            Brett Pesce                                       36     0   2  3  
 3 Martin Marincin          Johnny Oduya                                      12     0   3  2  
 4 Duncan Keith             Kris Letang                                       5      0   2  3  

PowerPlay Forward 
   Center                   Left Wing                Right Wing               Time % Phy DF OF 
 1 Nicklas Backstrom        Johnathan Gaudreau       Patrik Laine             60     0   1  4  
 2 Adam Henrique            Ondrej Palat             Derek Stepan             40     0   1  4  

PowerPlay Defense
   Defense                  Defense                                           Time % Phy DF OF 
 1 Duncan Keith             Blake Wheeler                                     60     0   1  4  
 2 Marian Hossa             Kris Letang                                       40     0   1  4  

Penalty Kill 4 Players Forward 
   Center                   Wing                     Time % Phy DF OF 
 1 Adam Henrique            Blake Wheeler            50     0   4  1  
 2 Nicklas Backstrom        Derek Stepan             50     0   4  1  

Penalty Kill 4 Players Defense
   Defense                  Defense                  Time % Phy DF OF 
 1 Duncan Keith             Kris Letang              60     0   4  1  
 2 Alec Martinez            Brett Pesce              40     0   4  1  

Penalty Kill - 3 Players Forward 
   Forward                                           Time % Phy DF OF 
 1 Adam Henrique                                     50     0   4  1  
 2 Nicklas Backstrom                                 50     0   4  1  

Penalty Kill - 3 Players Defense
   Defense                  Defense                  Time % Phy DF OF 
 1 Duncan Keith             Kris Letang              60     0   4  1  
 2 Alec Martinez            Brett Pesce              40     0   4  1  

4 vs 4 Forward 
   Center                   Wing                     Time % Phy DF OF 
 1 Nicklas Backstrom        Patrik Laine             55     0   2  3  
 2 Adam Henrique            Blake Wheeler            45     0   2  3  

4 vs 4 Defense
   Defense                  Defense                  Time % Phy DF OF 
 1 Duncan Keith             Kris Letang              55     0   3  2  
 2 Alec Martinez            Brett Pesce              45     0   3  2  

Last Minutes Offensive
   Center                   Left Wing                Right Wing               Defense                  Defense                  
   Nicklas Backstrom        Patrik Laine             Blake Wheeler            Duncan Keith             Kris Letang              

Last Minutes Defensive
   Center                   Left Wing                Right Wing               Defense                  Defense                  
   Adam Henrique            Derek Stepan             Blake Wheeler            Duncan Keith             Kris Letang              

Goaltenders
Starting : Craig Anderson           
Backup : James Reimer             

Extra Forwards
Normal : Derick Brassard, Kris Versteeg, Daniel Winnik - PP : Derick Brassard, Kris Versteeg - PK : Derick Brassard
Extra Defensemen
Normal : Johnny Oduya, Martin Marincin, Alec Martinez - PP : Alec Martinez - PK : Johnny Oduya, Martin Marincin
Penalty Shots
Patrik Laine, Kris Letang, Johnathan Gaudreau, Blake Wheeler, Nicklas Backstrom

Scratches
FLA Cap Hit (Healthy), Cedric Paquette (Healthy), Nikita Jevpalovs (Healthy)

DETROIT

5 vs 5 Forward 
   Center                   Left Wing                Right Wing               Time % Phy DF OF 
 1 Steven Stamkos           Taylor Hall              T.J. Oshie               35     1   1  3  
 2 Alex Galchenyuk          Dustin Brown             Kyle Palmieri            30     1   2  2  
 3 Luke Glendening          Yanni Gourde             Ryan Reaves              25     1   2  2  
 4 Kyle Brodziak            Steven Stamkos           Steve Bernier            10     1   2  2  

5 vs 5 Defense 
   Defense                  Defense                                           Time % Phy DF OF 
 1 Alex Pietrangelo         Aaron Ekblad                                      35     1   2  2  
 2 Oscar Klefbom            Josh Gorges                                       30     1   2  2  
 3 Ryan Murray              Nick Schultz                                      25     1   2  2  
 4 Cody Goloubef            Ryan Pulock                                       10     1   2  2  

PowerPlay Forward 
   Center                   Left Wing                Right Wing               Time % Phy DF OF 
 1 Steven Stamkos           Taylor Hall              T.J. Oshie               60     1   2  2  
 2 Alex Galchenyuk          Dustin Brown             Kyle Palmieri            40     1   2  2  

PowerPlay Defense
   Defense                  Defense                                           Time % Phy DF OF 
 1 Alex Pietrangelo         Aaron Ekblad                                      60     1   2  2  
 2 Oscar Klefbom            Josh Gorges                                       40     1   2  2  

Penalty Kill 4 Players Forward 
   Center                   Wing                     Time % Phy DF OF 
 1 Steven Stamkos           T.J. Oshie               60     1   2  2  
 2 Taylor Hall              Kyle Palmieri            40     1   2  2  

Penalty Kill 4 Players Defense
   Defense                  Defense                  Time % Phy DF OF 
 1 Alex Pietrangelo         Aaron Ekblad             60     1   2  2  
 2 Oscar Klefbom            Josh Gorges              40     1   2  2  

Penalty Kill - 3 Players Forward 
   Forward                                           Time % Phy DF OF 
 1 Steven Stamkos                                    60     1   2  2  
 2 T.J. Oshie                                        40     1   2  2  

Penalty Kill - 3 Players Defense
   Defense                  Defense                  Time % Phy DF OF 
 1 Alex Pietrangelo         Aaron Ekblad             60     1   2  2  
 2 Oscar Klefbom            Josh Gorges              40     1   2  2  

4 vs 4 Forward 
   Center                   Wing                     Time % Phy DF OF 
 1 Steven Stamkos           T.J. Oshie               60     1   2  2  
 2 Taylor Hall              Kyle Palmieri            40     1   2  2  

4 vs 4 Defense
   Defense                  Defense                  Time % Phy DF OF 
 1 Alex Pietrangelo         Aaron Ekblad             60     1   2  2  
 2 Oscar Klefbom            Josh Gorges              40     1   2  2  

Last Minutes Offensive
   Center                   Left Wing                Right Wing               Defense                  Defense                  
   Steven Stamkos           Taylor Hall              T.J. Oshie               Alex Pietrangelo         Aaron Ekblad             

Last Minutes Defensive
   Center                   Left Wing                Right Wing               Defense                  Defense                  
   Steven Stamkos           Taylor Hall              T.J. Oshie               Alex Pietrangelo         Aaron Ekblad             

Goaltenders
Starting : John Gibson              
Backup : Michael Hutchinson       

Extra Forwards
Normal : Jay McClement, Luke Glendening, Kyle Brodziak - PP : Jay McClement, Luke Glendening - PK : Kyle Brodziak
Extra Defensemen
Normal : Ryan Murray, Nick Schultz, Cody Goloubef - PP : Ryan Murray - PK : Nick Schultz, Cody Goloubef
Penalty Shots
Steven Stamkos, T.J. Oshie, Taylor Hall, Kyle Palmieri, Dustin Brown

Scratches
DET CAP HIT (Suspend)

% Time on Ice - FLORIDA

Lines # - Real PCT - Wanted PCT - Time Play
Normal Forward
1 - 35% - 35% - 19:10
2 - 30% - 32% - 16:44
3 - 27% - 28% - 14:54
4 - 8% - 5% - 4:41
Normal Defense
1 - 40% - 47% - 22:19
2 - 38% - 36% - 21:14
3 - 22% - 12% - 11:56
4 - 0% - 5% - 0:00
PP Forward
1 - 48% - 60% - 4:17
2 - 52% - 40% - 4:43
PP Defense
1 - 50% - 60% - 4:29
2 - 50% - 40% - 4:31
PK Forward
1 - 50% - 50% - 5:21
2 - 50% - 50% - 5:19
PK Defense
1 - 56% - 60% - 5:59
2 - 44% - 40% - 4:41
PK3 Forward
1 - 0% - 50%
2 - 0% - 50%
PK3 Defense
1 - 0% - 60%
2 - 0% - 40%
44 Forward
1 - 0% - 55%
2 - 0% - 45%
44 Defense
1 - 0% - 55%
2 - 0% - 45%
Last Minute Offensive  - 0:00
Last Minute Defensive  - 0:00
Total
Forward - 75:09
Defense - 75:09

% Time on Ice - DETROIT

Lines # - Real PCT - Wanted PCT - Time Play
Normal Forward
1 - 34% - 35% - 18:49
2 - 32% - 30% - 17:54
3 - 31% - 25% - 17:01
4 - 3% - 10% - 1:45
Normal Defense
1 - 36% - 35% - 19:48
2 - 31% - 30% - 17:17
3 - 24% - 25% - 13:23
4 - 9% - 10% - 5:01
PP Forward
1 - 43% - 60% - 4:34
2 - 57% - 40% - 6:06
PP Defense
1 - 49% - 60% - 5:13
2 - 51% - 40% - 5:27
PK Forward
1 - 72% - 60% - 6:30
2 - 28% - 40% - 2:30
PK Defense
1 - 57% - 60% - 5:08
2 - 43% - 40% - 3:52
PK3 Forward
1 - 0% - 60%
2 - 0% - 40%
PK3 Defense
1 - 0% - 60%
2 - 0% - 40%
44 Forward
1 - 0% - 60%
2 - 0% - 40%
44 Defense
1 - 0% - 60%
2 - 0% - 40%
Last Minute Offensive  - 0:00
Last Minute Defensive  - 0:00
Total
Forward - 75:09
Defense - 75:09

Play-by-Play

1st period


0:01 of 1st period - Nicklas Backstrom wins face-off versus Steven Stamkos in neutral zone.
0:29 of 1st period - Shot by Steven Stamkos.
0:29 of 1st period - Stopped by Craig Anderson without a rebound.
0:30 of 1st period - Alex Galchenyuk wins face-off versus Adam Henrique in FLORIDA zone.
0:37 of 1st period - Shot by Kyle Palmieri.
0:37 of 1st period - Stopped by Craig Anderson without a rebound.
0:38 of 1st period - Luke Glendening wins face-off versus Derick Brassard in FLORIDA zone.
0:39 of 1st period - Shot by Ryan Murray.
0:39 of 1st period - Shot Misses the Net.
0:41 of 1st period - Shot by Nick Schultz.
0:41 of 1st period - Stopped by Craig Anderson without a rebound.
0:42 of 1st period - Luke Glendening wins face-off versus Derick Brassard in FLORIDA zone.
0:50 of 1st period - Icing by Derick Brassard.
0:51 of 1st period - Derick Brassard wins face-off versus Alex Galchenyuk in FLORIDA zone.
1:28 of 1st period - Off-side.
1:29 of 1st period - Luke Glendening wins face-off versus Adam Henrique in neutral zone.
1:37 of 1st period - Luke Glendening is hit by Alec Martinez and loses puck.
2:01 of 1st period - Shot by Luke Glendening.
2:01 of 1st period - Shot Blocked by Alec Martinez.
2:02 of 1st period - Minor Penalty to Alec Martinez for Tripping.
2:03 of 1st period - Steven Stamkos wins face-off versus Nicklas Backstrom in FLORIDA zone.
2:28 of 1st period - Shot by Steven Stamkos.
2:28 of 1st period - Shot Misses the Net.
2:30 of 1st period - Shot by Alex Pietrangelo.
2:30 of 1st period - Stopped by Craig Anderson without a rebound.
2:31 of 1st period - Nicklas Backstrom wins face-off versus Alex Galchenyuk in FLORIDA zone.
2:31 of 1st period - Derek Stepan is hit by Kyle Palmieri and loses puck.
2:44 of 1st period - Shot by Oscar Klefbom.
2:44 of 1st period - Shot Misses the Net.
2:46 of 1st period - Shot by Josh Gorges.
2:46 of 1st period - Stopped by Craig Anderson without a rebound.
2:47 of 1st period - Steven Stamkos wins face-off versus Adam Henrique in FLORIDA zone.
2:59 of 1st period - Shot by Alex Pietrangelo.
2:59 of 1st period - Stopped by Craig Anderson without a rebound.
3:00 of 1st period - Nicklas Backstrom wins face-off versus Alex Galchenyuk in FLORIDA zone.
3:18 of 1st period - Icing by Kyle Palmieri.
3:19 of 1st period - Adam Henrique wins face-off versus Alex Galchenyuk in DETROIT zone.
4:39 of 1st period - Shot by Yanni Gourde.
4:39 of 1st period - Shot Blocked by Kris Versteeg.
4:55 of 1st period - Icing by Ryan Pulock.
4:56 of 1st period - Luke Glendening wins face-off versus Nicklas Backstrom in DETROIT zone.
5:07 of 1st period - Shot by Patrik Laine.
5:07 of 1st period - Stopped by John Gibson without a rebound.
5:08 of 1st period - Steven Stamkos wins face-off versus Johnathan Gaudreau in DETROIT zone.
5:08 of 1st period - T.J. Oshie is hit by Adam Henrique and loses puck.
5:27 of 1st period - Minor Penalty to Steven Stamkos for Charging.
5:28 of 1st period - Nicklas Backstrom wins face-off versus Kyle Brodziak in DETROIT zone.
5:35 of 1st period - Shot by Nicklas Backstrom.
5:35 of 1st period - Shot Misses the Net.
5:42 of 1st period - Icing by Blake Wheeler.
5:43 of 1st period - Kyle Brodziak wins face-off versus Nicklas Backstrom in FLORIDA zone.
5:53 of 1st period - Shot by Johnathan Gaudreau.
5:53 of 1st period - Shot Blocked by Aaron Ekblad.
5:55 of 1st period - Shot by Nicklas Backstrom.
5:55 of 1st period - Stopped by John Gibson with a rebound.
5:57 of 1st period - Shot by Blake Wheeler.
5:57 of 1st period - Stopped by John Gibson without a rebound.
5:58 of 1st period - Kyle Brodziak wins face-off versus Adam Henrique in DETROIT zone.
6:27 of 1st period - Shot by Adam Henrique.
6:27 of 1st period - Shot Misses the Net.
6:29 of 1st period - Shot by Derek Stepan.
6:29 of 1st period - Goal by Derek Stepan - FLORIDA : 1 - DETROIT : 0.
6:30 of 1st period - Nicklas Backstrom wins face-off versus Alex Galchenyuk in neutral zone.
6:37 of 1st period - Shot by Patrik Laine.
6:37 of 1st period - Stopped by John Gibson without a rebound.
6:38 of 1st period - Nicklas Backstrom wins face-off versus Alex Galchenyuk in DETROIT zone.
7:02 of 1st period - Kyle Palmieri is hit by Kris Letang and loses puck.
7:21 of 1st period - Shot by Blake Wheeler.
7:21 of 1st period - Shot Misses the Net.
7:42 of 1st period - Icing by Brett Pesce.
7:43 of 1st period - Adam Henrique wins face-off versus Steven Stamkos in FLORIDA zone.
7:58 of 1st period - Icing by Brett Pesce.
7:59 of 1st period - Johnathan Gaudreau wins face-off versus Luke Glendening in FLORIDA zone.
7:59 of 1st period - Johnathan Gaudreau is hit by Ryan Reaves.
8:02 of 1st period - Adam Henrique is hit by Ryan Reaves and loses puck.
8:08 of 1st period - Alec Martinez is hit by Ryan Reaves and loses puck.
8:17 of 1st period - Shot by Ryan Murray.
8:17 of 1st period - Shot Misses the Net.
8:36 of 1st period - Adam Henrique is hit by Nick Schultz and loses puck.
8:58 of 1st period - Ondrej Palat is hit by Aaron Ekblad and loses puck.
9:15 of 1st period - Shot by T.J. Oshie.
9:15 of 1st period - Shot Blocked by Duncan Keith.
9:35 of 1st period - Shot by Steven Stamkos.
9:35 of 1st period - Stopped by Craig Anderson without a rebound.
9:36 of 1st period - Nicklas Backstrom wins face-off versus Alex Galchenyuk in FLORIDA zone.
9:48 of 1st period - Minor Penalty to Blake Wheeler for Slashing.
9:49 of 1st period - Adam Henrique wins face-off versus Kyle Palmieri in FLORIDA zone.
9:49 of 1st period - Adam Henrique is hit by Dustin Brown.
10:21 of 1st period - Shot by Alex Galchenyuk.
10:21 of 1st period - Shot Blocked by Duncan Keith.
10:23 of 1st period - Shot by Kyle Palmieri.
10:23 of 1st period - Stopped by Craig Anderson without a rebound.
10:24 of 1st period - Steven Stamkos wins face-off versus Adam Henrique in FLORIDA zone.
10:33 of 1st period - Shot by Steven Stamkos.
10:33 of 1st period - Goal by Steven Stamkos - FLORIDA : 1 - DETROIT : 1.
10:34 of 1st period - Nicklas Backstrom wins face-off versus Steven Stamkos in neutral zone.
12:43 of 1st period - Shot by Dustin Brown.
12:43 of 1st period - Stopped by Craig Anderson without a rebound.
12:44 of 1st period - Nicklas Backstrom wins face-off versus Ryan Reaves in FLORIDA zone.
12:50 of 1st period - Off-side.
12:51 of 1st period - Nicklas Backstrom wins face-off versus Luke Glendening in neutral zone.
12:54 of 1st period - Shot by Blake Wheeler.
12:54 of 1st period - Shot Blocked by Ryan Murray.
13:28 of 1st period - Shot by Luke Glendening.
13:28 of 1st period - Stopped by Craig Anderson without a rebound.
13:29 of 1st period - Adam Henrique wins face-off versus Alex Galchenyuk in FLORIDA zone.
13:39 of 1st period - Johnathan Gaudreau is hit by Josh Gorges and loses puck.
14:22 of 1st period - Icing by Josh Gorges.
14:23 of 1st period - Alex Galchenyuk wins face-off versus Nicklas Backstrom in DETROIT zone.
14:41 of 1st period - Minor Penalty to Aaron Ekblad for Delaying the game.
14:42 of 1st period - Steven Stamkos wins face-off versus Adam Henrique in DETROIT zone.
16:11 of 1st period - Shot by Kris Letang.
16:11 of 1st period - Stopped by John Gibson without a rebound.
16:12 of 1st period - Adam Henrique wins face-off versus Taylor Hall in DETROIT zone.
16:13 of 1st period - Shot by Ondrej Palat.
16:13 of 1st period - Shot Misses the Net.
16:27 of 1st period - Shot by Duncan Keith.
16:27 of 1st period - Deflect By Ondrej Palat.
16:27 of 1st period - Stopped by John Gibson with a rebound.
16:29 of 1st period - Shot by Duncan Keith.
16:29 of 1st period - Stopped by John Gibson without a rebound.
16:30 of 1st period - Steven Stamkos wins face-off versus Nicklas Backstrom in DETROIT zone.
16:48 of 1st period - Shot by Kris Versteeg.
16:48 of 1st period - Shot Hit the Post.
17:07 of 1st period - Shot by Linden Vey.
17:07 of 1st period - Stopped by John Gibson with a rebound.
17:15 of 1st period - Shot by Brett Pesce.
17:15 of 1st period - Stopped by John Gibson without a rebound.
17:16 of 1st period - Nicklas Backstrom wins face-off versus Alex Galchenyuk in DETROIT zone.
17:51 of 1st period - Icing by Josh Gorges.
17:52 of 1st period - Alex Galchenyuk wins face-off versus Johnathan Gaudreau in DETROIT zone.
17:52 of 1st period - Dustin Brown is hit by Adam Henrique.
17:57 of 1st period - Off-side.
17:58 of 1st period - Adam Henrique wins face-off versus Steven Stamkos in neutral zone.
18:10 of 1st period - Marian Hossa is hit by Alex Pietrangelo and loses puck.
18:13 of 1st period - Shot by Marian Hossa.
18:13 of 1st period - Deflect By Johnathan Gaudreau.
18:13 of 1st period - Stopped by John Gibson without a rebound.
18:14 of 1st period - Luke Glendening wins face-off versus Ondrej Palat in DETROIT zone.
18:23 of 1st period - Shot by Yanni Gourde.
18:23 of 1st period - Shot Misses the Net.
18:43 of 1st period - Shot by Derek Stepan.
18:43 of 1st period - Shot Misses the Net.
19:24 of 1st period - Icing by Alec Martinez.
19:25 of 1st period - Adam Henrique wins face-off versus Steven Stamkos in FLORIDA zone.
19:48 of 1st period - Shot by Steven Stamkos.
19:48 of 1st period - Goal by Steven Stamkos - FLORIDA : 1 - DETROIT : 2.
19:49 of 1st period - Nicklas Backstrom wins face-off versus Alex Galchenyuk in neutral zone.
19:59 of 1st period - Nicklas Backstrom is hit by Kyle Palmieri and loses puck.
Goals for this period are 1 for FLORIDA vs 2 for DETROIT.
Shots for this period are 11 for FLORIDA vs 12 for DETROIT.

2nd period


0:01 of 2nd period - Steven Stamkos wins face-off versus Nicklas Backstrom in neutral zone.
0:05 of 2nd period - Taylor Hall is hit by Kris Letang and loses puck.
0:18 of 2nd period - Shot by Blake Wheeler.
0:18 of 2nd period - Shot Blocked by Aaron Ekblad.
1:23 of 2nd period - Icing by Brett Pesce.
1:24 of 2nd period - Adam Henrique wins face-off versus Luke Glendening in FLORIDA zone.
1:30 of 2nd period - Icing by Adam Henrique.
1:31 of 2nd period - Luke Glendening wins face-off versus Adam Henrique in FLORIDA zone.
1:34 of 2nd period - Shot by Yanni Gourde.
1:34 of 2nd period - Shot Misses the Net.
1:48 of 2nd period - Shot by Luke Glendening.
1:48 of 2nd period - Stopped by Craig Anderson without a rebound.
1:49 of 2nd period - Derick Brassard wins face-off versus Alex Galchenyuk in FLORIDA zone.
2:27 of 2nd period - Aaron Ekblad is hit by Martin Marincin and loses puck.
2:53 of 2nd period - Icing by Steven Stamkos.
2:54 of 2nd period - Steven Stamkos wins face-off versus Marian Hossa in DETROIT zone.
4:00 of 2nd period - Shot by Nick Schultz.
4:00 of 2nd period - Shot Misses the Net.
4:03 of 2nd period - Icing by Alec Martinez.
4:04 of 2nd period - Alex Galchenyuk wins face-off versus Nicklas Backstrom in FLORIDA zone.
4:13 of 2nd period - Shot by Alex Galchenyuk.
4:13 of 2nd period - Deflect By Kyle Palmieri.
4:13 of 2nd period - Stopped by Craig Anderson without a rebound.
4:14 of 2nd period - Nicklas Backstrom wins face-off versus Yanni Gourde in FLORIDA zone.
5:29 of 2nd period - Shot by Derick Brassard.
5:29 of 2nd period - Shot Misses the Net.
5:43 of 2nd period - Shot by Derek Stepan.
5:43 of 2nd period - Stopped by John Gibson without a rebound.
5:44 of 2nd period - Alex Galchenyuk wins face-off versus Adam Henrique in DETROIT zone.
6:28 of 2nd period - Shot by Kyle Palmieri.
6:28 of 2nd period - Stopped by Craig Anderson with a rebound.
6:38 of 2nd period - Marian Hossa is hit by T.J. Oshie and loses puck.
6:46 of 2nd period - Off-side.
6:47 of 2nd period - Nicklas Backstrom wins face-off versus Kyle Brodziak in neutral zone.
6:47 of 2nd period - Blake Wheeler is hit by Steve Bernier and loses puck.
7:58 of 2nd period - Shot by Derek Stepan.
7:58 of 2nd period - Stopped by John Gibson without a rebound.
7:59 of 2nd period - Derick Brassard wins face-off versus Alex Galchenyuk in DETROIT zone.
8:08 of 2nd period - Shot by Alec Martinez.
8:08 of 2nd period - Shot Blocked by Oscar Klefbom.
9:00 of 2nd period - Shot by Johnathan Gaudreau.
9:00 of 2nd period - Stopped by John Gibson without a rebound.
9:01 of 2nd period - Steven Stamkos wins face-off versus Adam Henrique in DETROIT zone.
9:12 of 2nd period - Shot by Alex Pietrangelo.
9:12 of 2nd period - Stopped by Craig Anderson with a rebound.
9:35 of 2nd period - Adam Henrique is hit by Alex Pietrangelo and loses puck.
9:51 of 2nd period - Minor Penalty to Kris Letang for Holding.
9:52 of 2nd period - Nicklas Backstrom wins face-off versus Alex Galchenyuk in FLORIDA zone.
10:40 of 2nd period - Icing by Josh Gorges.
10:41 of 2nd period - Nicklas Backstrom wins face-off versus Alex Galchenyuk in DETROIT zone.
10:50 of 2nd period - Derek Stepan is hit by Alex Galchenyuk and loses puck.
11:37 of 2nd period - Shot by Aaron Ekblad.
11:37 of 2nd period - Shot Misses the Net.
11:59 of 2nd period - Shot by Daniel Winnik.
11:59 of 2nd period - Stopped by John Gibson with a rebound.
12:01 of 2nd period - Shot by Linden Vey.
12:01 of 2nd period - Shot Misses the Net.
12:03 of 2nd period - Shot by Daniel Winnik.
12:03 of 2nd period - Deflect By Kris Versteeg.
12:03 of 2nd period - Stopped by John Gibson without a rebound.
12:04 of 2nd period - Ryan Reaves wins face-off versus Linden Vey in DETROIT zone.
12:04 of 2nd period - Ryan Reaves is hit by Daniel Winnik.
12:38 of 2nd period - Ryan Pulock is hit by Martin Marincin.
12:47 of 2nd period - Icing by Linden Vey.
12:48 of 2nd period - Linden Vey wins face-off versus Alex Galchenyuk in FLORIDA zone.
12:48 of 2nd period - Kris Versteeg is hit by Dustin Brown and loses puck.
14:03 of 2nd period - Shot by T.J. Oshie.
14:03 of 2nd period - Stopped by Craig Anderson without a rebound.
14:04 of 2nd period - Adam Henrique wins face-off versus Luke Glendening in FLORIDA zone.
14:34 of 2nd period - Luke Glendening is hit by Kris Letang.
14:52 of 2nd period - Taylor Hall is hit by Marian Hossa and loses puck.
15:05 of 2nd period - Shot by Steven Stamkos.
15:05 of 2nd period - Goal by Steven Stamkos - FLORIDA : 1 - DETROIT : 3.
15:06 of 2nd period - Nicklas Backstrom wins face-off versus Alex Galchenyuk in neutral zone.
15:17 of 2nd period - Shot by Patrik Laine.
15:17 of 2nd period - Shot Blocked by Dustin Brown.
15:43 of 2nd period - Shot by Oscar Klefbom.
15:43 of 2nd period - Shot Misses the Net.
16:10 of 2nd period - Off-side.
16:11 of 2nd period - Linden Vey wins face-off versus Steven Stamkos in neutral zone.
16:20 of 2nd period - Shot by Steven Stamkos.
16:20 of 2nd period - Stopped by Craig Anderson without a rebound.
16:21 of 2nd period - Steven Stamkos wins face-off versus Derick Brassard in FLORIDA zone.
16:22 of 2nd period - Shot by T.J. Oshie.
16:22 of 2nd period - Stopped by Craig Anderson with a rebound.
16:32 of 2nd period - Shot by Ondrej Palat.
16:32 of 2nd period - Stopped by John Gibson without a rebound.
16:33 of 2nd period - Luke Glendening wins face-off versus Nicklas Backstrom in DETROIT zone.
17:02 of 2nd period - Shot by Luke Glendening.
17:02 of 2nd period - Stopped by Craig Anderson without a rebound.
17:03 of 2nd period - Derick Brassard wins face-off versus Steven Stamkos in FLORIDA zone.
17:13 of 2nd period - Icing by Ryan Murray.
17:14 of 2nd period - Steven Stamkos wins face-off versus Adam Henrique in DETROIT zone.
17:21 of 2nd period - Shot by T.J. Oshie.
17:21 of 2nd period - Deflect By Taylor Hall.
17:21 of 2nd period - Shot Misses the Net.
17:37 of 2nd period - Shot by T.J. Oshie.
17:37 of 2nd period - Stopped by Craig Anderson with a rebound.
17:39 of 2nd period - Shot by Nick Schultz.
17:39 of 2nd period - Shot Misses the Net.
17:41 of 2nd period - Shot by T.J. Oshie.
17:41 of 2nd period - Shot Blocked by Alec Martinez.
17:43 of 2nd period - Shot by T.J. Oshie.
17:43 of 2nd period - Shot Misses the Net.
17:45 of 2nd period - Shot by T.J. Oshie.
17:45 of 2nd period - Shot Misses the Net.
17:47 of 2nd period - Shot by Steven Stamkos.
17:47 of 2nd period - Shot Blocked by Alec Martinez.
17:49 of 2nd period - Shot by Taylor Hall.
17:49 of 2nd period - Shot Hit the Post.
18:37 of 2nd period - Shot by Ondrej Palat.
18:37 of 2nd period - Goal by Ondrej Palat - FLORIDA : 2 - DETROIT : 3.
18:38 of 2nd period - Nicklas Backstrom wins face-off versus Luke Glendening in neutral zone.
18:42 of 2nd period - Patrik Laine is hit by Josh Gorges.
19:13 of 2nd period - Josh Gorges is hit by Blake Wheeler and loses puck.
Goals for this period are 1 for FLORIDA vs 1 for DETROIT.
Shots for this period are 7 for FLORIDA vs 10 for DETROIT.

3rd period


0:01 of 3rd period - Nicklas Backstrom wins face-off versus Steven Stamkos in neutral zone.
0:11 of 3rd period - Duncan Keith is hit by Alex Pietrangelo and loses puck.
0:28 of 3rd period - Shot by Kris Letang.
0:28 of 3rd period - Shot Hit the Post.
0:30 of 3rd period - Shot by Duncan Keith.
0:30 of 3rd period - Shot Misses the Net.
0:42 of 3rd period - Shot by Nicklas Backstrom.
0:42 of 3rd period - Shot Misses the Net.
0:49 of 3rd period - Blake Wheeler is hit by Aaron Ekblad and loses puck.
0:59 of 3rd period - Off-side.
1:00 of 3rd period - Alex Galchenyuk wins face-off versus Adam Henrique in neutral zone.
1:08 of 3rd period - Dustin Brown is hit by Alec Martinez and loses puck.
1:17 of 3rd period - Shot by Johnathan Gaudreau.
1:17 of 3rd period - Shot Misses the Net.
1:33 of 3rd period - Shot by Adam Henrique.
1:33 of 3rd period - Shot Blocked by Ryan Murray.
1:39 of 3rd period - Shot by Alec Martinez.
1:39 of 3rd period - Shot Misses the Net.
1:57 of 3rd period - Shot by Derek Stepan.
1:57 of 3rd period - Deflect By Ondrej Palat.
1:57 of 3rd period - Shot Blocked by Ryan Murray.
2:07 of 3rd period - Shot by Derick Brassard.
2:07 of 3rd period - Shot Misses the Net.
2:09 of 3rd period - Shot by Derek Stepan.
2:09 of 3rd period - Shot Blocked by Kyle Palmieri.
2:11 of 3rd period - Shot by Ondrej Palat.
2:11 of 3rd period - Shot Blocked by Alex Galchenyuk.
2:13 of 3rd period - Shot by Martin Marincin.
2:13 of 3rd period - Stopped by John Gibson with a rebound.
2:15 of 3rd period - Shot by Martin Marincin.
2:15 of 3rd period - Stopped by John Gibson without a rebound.
2:16 of 3rd period - Nicklas Backstrom wins face-off versus Luke Glendening in DETROIT zone.
2:41 of 3rd period - Shot by Luke Glendening.
2:41 of 3rd period - Stopped by Craig Anderson without a rebound.
2:42 of 3rd period - Steven Stamkos wins face-off versus Derick Brassard in FLORIDA zone.
2:42 of 3rd period - Steven Stamkos is hit by Johnny Oduya.
2:43 of 3rd period - Minor Penalty to Martin Marincin for Tripping.
2:44 of 3rd period - Adam Henrique wins face-off versus Steven Stamkos in FLORIDA zone.
2:44 of 3rd period - Kris Letang is hit by Steven Stamkos and loses puck.
2:49 of 3rd period - Shot by Taylor Hall.
2:49 of 3rd period - Shot Misses the Net.
3:07 of 3rd period - Shot by Alex Pietrangelo.
3:07 of 3rd period - Shot Blocked by Kris Letang.
3:09 of 3rd period - Shot by Steven Stamkos.
3:09 of 3rd period - Shot Misses the Net.
3:11 of 3rd period - Shot by Taylor Hall.
3:11 of 3rd period - Stopped by Craig Anderson with a rebound.
3:13 of 3rd period - Shot by T.J. Oshie.
3:13 of 3rd period - Shot Misses the Net.
3:15 of 3rd period - Shot by Aaron Ekblad.
3:15 of 3rd period - Deflect By Taylor Hall.
3:15 of 3rd period - Stopped by Craig Anderson without a rebound.
3:16 of 3rd period - Alex Galchenyuk wins face-off versus Nicklas Backstrom in FLORIDA zone.
4:58 of 3rd period - Off-side.
4:59 of 3rd period - Kyle Brodziak wins face-off versus Adam Henrique in neutral zone.
5:08 of 3rd period - Off-side.
5:09 of 3rd period - Adam Henrique wins face-off versus Luke Glendening in neutral zone.
5:11 of 3rd period - Johnny Oduya is hit by Ryan Reaves and loses puck.
5:21 of 3rd period - Icing by Johnny Oduya.
5:22 of 3rd period - Adam Henrique wins face-off versus Alex Galchenyuk in FLORIDA zone.
5:22 of 3rd period - Marian Hossa is hit by Dustin Brown and loses puck.
5:28 of 3rd period - Johnathan Gaudreau is hit by Aaron Ekblad and loses puck.
5:33 of 3rd period - Shot by Johnathan Gaudreau.
5:33 of 3rd period - Goal by Johnathan Gaudreau - FLORIDA : 3 - DETROIT : 3.
5:34 of 3rd period - Steven Stamkos wins face-off versus Derick Brassard in neutral zone.
5:44 of 3rd period - Taylor Hall is hit by Duncan Keith and loses puck.
5:51 of 3rd period - Shot by Steven Stamkos.
5:51 of 3rd period - Stopped by Craig Anderson without a rebound.
5:52 of 3rd period - Nicklas Backstrom wins face-off versus Alex Galchenyuk in FLORIDA zone.
5:52 of 3rd period - Nicklas Backstrom is hit by Dustin Brown.
6:08 of 3rd period - Icing by Aaron Ekblad.
6:09 of 3rd period - Derick Brassard wins face-off versus Kyle Palmieri in DETROIT zone.
6:12 of 3rd period - Shot by Derek Stepan.
6:12 of 3rd period - Shot Misses the Net.
8:11 of 3rd period - Luke Glendening is hit by Adam Henrique and loses puck.
8:19 of 3rd period - Minor Penalty to Adam Henrique for Elbowing.
8:20 of 3rd period - Derick Brassard wins face-off versus Alex Galchenyuk in FLORIDA zone.
8:44 of 3rd period - Shot by Aaron Ekblad.
8:44 of 3rd period - Stopped by Craig Anderson without a rebound.
8:45 of 3rd period - Derick Brassard wins face-off versus Alex Galchenyuk in FLORIDA zone.
9:56 of 3rd period - Shot by Steven Stamkos.
9:56 of 3rd period - Shot Misses the Net.
9:58 of 3rd period - Shot by Steven Stamkos.
9:58 of 3rd period - Shot Misses the Net.
10:00 of 3rd period - Shot by Josh Gorges.
10:00 of 3rd period - Stopped by Craig Anderson without a rebound.
10:01 of 3rd period - Alex Galchenyuk wins face-off versus Derick Brassard in FLORIDA zone.
10:21 of 3rd period - Shot by Alex Galchenyuk.
10:21 of 3rd period - Stopped by Craig Anderson without a rebound.
10:22 of 3rd period - Luke Glendening wins face-off versus Adam Henrique in FLORIDA zone.
10:51 of 3rd period - Shot by Adam Henrique.
10:51 of 3rd period - Deflect By Johnathan Gaudreau.
10:51 of 3rd period - Stopped by John Gibson without a rebound.
10:52 of 3rd period - Derick Brassard wins face-off versus Steven Stamkos in DETROIT zone.
11:48 of 3rd period - Shot by Kyle Palmieri.
11:48 of 3rd period - Shot Misses the Net.
12:07 of 3rd period - Icing by Alex Pietrangelo.
12:08 of 3rd period - Alex Galchenyuk wins face-off versus Nicklas Backstrom in DETROIT zone.
12:38 of 3rd period - Alex Pietrangelo is hit by Kris Letang and loses puck.
13:05 of 3rd period - Off-side.
13:06 of 3rd period - Adam Henrique wins face-off versus Steven Stamkos in neutral zone.
13:11 of 3rd period - Shot by Marian Hossa.
13:11 of 3rd period - Stopped by John Gibson without a rebound.
13:12 of 3rd period - Adam Henrique wins face-off versus Steven Stamkos in DETROIT zone.
13:19 of 3rd period - Taylor Hall is hit by Johnny Oduya and loses puck.
13:50 of 3rd period - Shot by Taylor Hall.
13:50 of 3rd period - Deflect By Steven Stamkos.
13:50 of 3rd period - Shot Misses the Net.
13:52 of 3rd period - Shot by Steven Stamkos.
13:52 of 3rd period - Stopped by Craig Anderson without a rebound.
13:53 of 3rd period - Nicklas Backstrom wins face-off versus Luke Glendening in FLORIDA zone.
13:53 of 3rd period - Nicklas Backstrom is hit by Yanni Gourde.
14:26 of 3rd period - Blake Wheeler is hit by Ryan Murray and loses puck.
14:32 of 3rd period - Nicklas Backstrom is hit by Nick Schultz and loses puck.
15:06 of 3rd period - Shot by Ondrej Palat.
15:06 of 3rd period - Shot Misses the Net.
15:08 of 3rd period - Shot by Ondrej Palat.
15:08 of 3rd period - Stopped by John Gibson with a rebound.
15:17 of 3rd period - Ondrej Palat is hit by Alex Pietrangelo and loses puck.
15:22 of 3rd period - Shot by Derick Brassard.
15:22 of 3rd period - Stopped by John Gibson without a rebound.
15:23 of 3rd period - Steven Stamkos wins face-off versus Marian Hossa in DETROIT zone.
15:23 of 3rd period - Steven Stamkos is hit by Adam Henrique.
15:30 of 3rd period - Taylor Hall is hit by Martin Marincin and loses puck.
15:34 of 3rd period - T.J. Oshie is hit by Martin Marincin and loses puck.
15:57 of 3rd period - Shot by Johnathan Gaudreau.
15:57 of 3rd period - Shot Misses the Net.
15:59 of 3rd period - Shot by Martin Marincin.
15:59 of 3rd period - Shot Misses the Net.
16:01 of 3rd period - Shot by Adam Henrique.
16:01 of 3rd period - Shot Misses the Net.
16:03 of 3rd period - Shot by Johnathan Gaudreau.
16:03 of 3rd period - Stopped by John Gibson without a rebound.
16:04 of 3rd period - Kyle Palmieri wins face-off versus Derick Brassard in DETROIT zone.
16:13 of 3rd period - Derek Stepan is hit by Dustin Brown and loses puck.
16:39 of 3rd period - Kyle Palmieri is hit by Alec Martinez and loses puck.
17:26 of 3rd period - Shot by Yanni Gourde.
17:26 of 3rd period - Goal by Yanni Gourde - FLORIDA : 3 - DETROIT : 4.
17:27 of 3rd period - Steve Bernier wins face-off versus Adam Henrique in neutral zone.
17:30 of 3rd period - Kris Letang is hit by Steve Bernier and loses puck.
17:39 of 3rd period - Shot by Steven Stamkos.
17:39 of 3rd period - Stopped by Craig Anderson without a rebound.
17:40 of 3rd period - Nicklas Backstrom wins face-off versus Steven Stamkos in FLORIDA zone.
17:40 of 3rd period - Nicklas Backstrom is hit by T.J. Oshie.
17:45 of 3rd period - Kris Letang is hit by Cody Goloubef and loses puck.
17:49 of 3rd period - Minor Penalty to Cody Goloubef for Hooking.
17:50 of 3rd period - Nicklas Backstrom wins face-off versus Steven Stamkos in DETROIT zone.
17:50 of 3rd period - Nicklas Backstrom is hit by Alex Pietrangelo.
18:04 of 3rd period - Shot by Blake Wheeler.
18:04 of 3rd period - Stopped by John Gibson without a rebound.
18:05 of 3rd period - Steven Stamkos wins face-off versus Nicklas Backstrom in DETROIT zone.
18:33 of 3rd period - Kris Letang is hit by Aaron Ekblad.
19:02 of 3rd period - Icing by Adam Henrique.
19:03 of 3rd period - Taylor Hall wins face-off versus Ondrej Palat in FLORIDA zone.
19:40 of 3rd period - FLORIDA, Craig Anderson is pulled from the net.
19:40 of 3rd period - Shot by Adam Henrique.
19:40 of 3rd period - Goal by Adam Henrique - FLORIDA : 4 - DETROIT : 4.
19:40 of 3rd period - Craig Anderson from FLORIDA was sent back in the game.
19:41 of 3rd period - Ryan Reaves wins face-off versus Linden Vey in neutral zone.
Goals for this period are 2 for FLORIDA vs 1 for DETROIT.
Shots for this period are 10 for FLORIDA vs 10 for DETROIT.

Overtime #1


0:01 of 1st overtime period - Steven Stamkos wins face-off versus Adam Henrique in neutral zone.
0:40 of 1st overtime period - Shot by Johnathan Gaudreau.
0:40 of 1st overtime period - Shot Blocked by Aaron Ekblad.
1:08 of 1st overtime period - Oscar Klefbom is hit by Blake Wheeler.
1:23 of 1st overtime period - Minor Penalty to Josh Gorges for Roughing.
1:24 of 1st overtime period - Steven Stamkos wins face-off versus Adam Henrique in DETROIT zone.
1:37 of 1st overtime period - Shot by Duncan Keith.
1:37 of 1st overtime period - Shot Misses the Net.
3:03 of 1st overtime period - Icing by Blake Wheeler.
3:04 of 1st overtime period - Adam Henrique wins face-off versus Steven Stamkos in FLORIDA zone.
3:04 of 1st overtime period - Adam Henrique is hit by Steven Stamkos.
3:33 of 1st overtime period - Icing by Cody Goloubef.
3:34 of 1st overtime period - Linden Vey wins face-off versus Luke Glendening in DETROIT zone.
4:49 of 1st overtime period - Shot by Derek Stepan.
4:49 of 1st overtime period - Stopped by John Gibson with a rebound.
5:28 of 1st overtime period - Shot by Blake Wheeler.
5:28 of 1st overtime period - Shot Misses the Net.
5:31 of 1st overtime period - Icing by Aaron Ekblad.
5:32 of 1st overtime period - Adam Henrique wins face-off versus Steven Stamkos in DETROIT zone.
5:42 of 1st overtime period - Johnathan Gaudreau is hit by Alex Pietrangelo and loses puck.
6:02 of 1st overtime period - Johnathan Gaudreau is hit by Aaron Ekblad and loses puck.
6:03 of 1st overtime period - Minor Penalty to Aaron Ekblad for Boarding.
6:04 of 1st overtime period - Nicklas Backstrom wins face-off versus Steven Stamkos in DETROIT zone.
6:33 of 1st overtime period - Shot by Blake Wheeler.
6:33 of 1st overtime period - Stopped by John Gibson without a rebound.
6:34 of 1st overtime period - Taylor Hall wins face-off versus Adam Henrique in DETROIT zone.
6:47 of 1st overtime period - Shot by Adam Henrique.
6:47 of 1st overtime period - Shot Misses the Net.
6:49 of 1st overtime period - Shot by Adam Henrique.
6:49 of 1st overtime period - Shot Misses the Net.
6:51 of 1st overtime period - Shot by Kris Letang.
6:51 of 1st overtime period - Shot Blocked by Nick Schultz.
8:07 of 1st overtime period - Luke Glendening is hit by Kris Versteeg and loses puck.
8:11 of 1st overtime period - Minor Penalty to Linden Vey for Holding.
8:12 of 1st overtime period - Nicklas Backstrom wins face-off versus Alex Galchenyuk in FLORIDA zone.
8:37 of 1st overtime period - Shot by Oscar Klefbom.
8:37 of 1st overtime period - Shot Blocked by Duncan Keith.
8:50 of 1st overtime period - Icing by Josh Gorges.
8:51 of 1st overtime period - Adam Henrique wins face-off versus Alex Galchenyuk in DETROIT zone.
9:36 of 1st overtime period - Shot by Steven Stamkos.
9:36 of 1st overtime period - Shot Misses the Net.
9:40 of 1st overtime period - Shot by Taylor Hall.
9:40 of 1st overtime period - Shot Misses the Net.
9:42 of 1st overtime period - Shot by Aaron Ekblad.
9:42 of 1st overtime period - Stopped by Craig Anderson with a rebound.
10:11 of 1st overtime period - Icing by Oscar Klefbom.
10:12 of 1st overtime period - Linden Vey wins face-off versus Luke Glendening in DETROIT zone.
10:12 of 1st overtime period - Linden Vey is hit by Nick Schultz.
10:15 of 1st overtime period - Daniel Winnik is hit by Ryan Murray and loses puck.
10:18 of 1st overtime period - Shot by Daniel Winnik.
10:18 of 1st overtime period - Stopped by John Gibson without a rebound.
10:19 of 1st overtime period - Linden Vey wins face-off versus Yanni Gourde in DETROIT zone.
10:26 of 1st overtime period - Shot by Daniel Winnik.
10:26 of 1st overtime period - Stopped by John Gibson without a rebound.
10:27 of 1st overtime period - Alex Galchenyuk wins face-off versus Nicklas Backstrom in DETROIT zone.
10:41 of 1st overtime period - Icing by Brett Pesce.
10:42 of 1st overtime period - Nicklas Backstrom wins face-off versus Luke Glendening in FLORIDA zone.
10:42 of 1st overtime period - Nicklas Backstrom is hit by Ryan Reaves.
11:37 of 1st overtime period - Taylor Hall is hit by Blake Wheeler and loses puck.
11:49 of 1st overtime period - Off-side.
11:50 of 1st overtime period - Adam Henrique wins face-off versus Alex Galchenyuk in neutral zone.
12:15 of 1st overtime period - Shot by Alex Galchenyuk.
12:15 of 1st overtime period - Stopped by Craig Anderson with a rebound.
12:17 of 1st overtime period - Shot by Kyle Palmieri.
12:17 of 1st overtime period - Stopped by Craig Anderson without a rebound.
12:18 of 1st overtime period - Derick Brassard wins face-off versus Steven Stamkos in FLORIDA zone.
12:31 of 1st overtime period - Shot by Derick Brassard.
12:31 of 1st overtime period - Shot Blocked by Oscar Klefbom.
12:40 of 1st overtime period - Derek Stepan is hit by Josh Gorges and loses puck.
13:58 of 1st overtime period - Shot by Dustin Brown.
13:58 of 1st overtime period - Stopped by Craig Anderson without a rebound.
13:59 of 1st overtime period - Nicklas Backstrom wins face-off versus Luke Glendening in FLORIDA zone.
14:18 of 1st overtime period - Ryan Murray is hit by Blake Wheeler and loses puck.
14:58 of 1st overtime period - Minor Penalty to Dustin Brown for Hooking.
14:59 of 1st overtime period - Steven Stamkos wins face-off versus Adam Henrique in DETROIT zone.
15:08 of 1st overtime period - Shot by Kris Letang.
15:08 of 1st overtime period - Goal by Kris Letang - FLORIDA : 5 - DETROIT : 4.
Goals for this period are 1 for FLORIDA vs 0 for DETROIT.
Shots for this period are 5 for FLORIDA vs 4 for DETROIT.